 Dungeon Crawl Stone Soup version 0.30.0 (webtiles) character file.

Game seed: 9790504003695738037

26274 Ayyar the Bludgeoner (level 12, -1/99 HPs)
             Began as a Minotaur Fighter on May 11, 2023.
             Was an Elder of Hepliaklqana.
             Slain by a soul eater (7 damage)
             ... on level 2 of the Abyss.
             The game lasted 00:46:02 (13034 turns).

Ayyar the Bludgeoner (Minotaur Fighter)            Turns: 13034, Time: 00:46:03

Health: -1/99      AC: 11    Str: 26    XL:     12   Next: 96%
Magic:  11/11      EV: 11    Int:  5    God:    Hepliaklqana [****..]
Gold:   799        SH: 11    Dex: 10    Spells: 11/11 levels left

rFire   + . .        y - +3 flail
rCold   + + .        c - +0 buckler
rNeg    . . .        b - +0 scale mail
rPois   .            V - +1 hat
rElec   .            a - scarf {rC+ rF+}
rCorr   .            (no gloves)
SInv    .            O - +0 pair of boots
Will    .....        h - amulet of reflection Stlth
                     f - +4 ring of slaying
HPRegen 0.36/turn    x - ring of protection from cold
MPRegen 0.12/turn

%: reflection
@: about to teleport
A: reduced essence, horns 2, retaliatory headbutt
a: Renounce Religion, Recall Ancestor, Ancestor Identity, Transference, Idealise


You were on level 2 of the Abyss.
You worshipped Hepliaklqana.
Hepliaklqana was greatly pleased with you.
You visited 2 branches of the dungeon, and saw 15 of its levels.
You visited the Abyss 1 time.

You collected 925 gold pieces.
You spent 126 gold pieces at shops.

Inventory:

Hand Weapons
 y - a +3 flail (weapon)
Missiles
 q - 2 boomerangs (quivered)
 C - 24 poisoned darts
 Q - 2 silver boomerangs
Armour
 a - a scarf of resistance (worn)
 b - a +0 scale mail (worn)
 c - a +0 buckler (worn)
 O - a +0 pair of boots (worn)
 U - the orb of Honesty {*channel, rPois rF+ rN+}
   (You found it on level 12 of the Dungeon)

   rF:        It protects you from fire.
   rPois:     It protects you from poison.
   rN:        It protects you from negative energy.
 V - a +1 hat (worn)
Jewellery
 f - a +4 ring of slaying (left hand)
 h - an amulet of reflection (around neck)
 i - a ring of positive energy
 t - a ring of poison resistance
 v - a ring of willpower
 x - a ring of protection from cold (right hand)
 J - a ring of resist corrosion
 S - a ring of flight
 T - a ring of protection from fire
 W - a ring of positive energy
 X - a +6 ring of dexterity
Wands
 D - a wand of mindburst (4)
 K - a wand of flame (7)
 N - a wand of iceblast (5)
 Y - a wand of light (7)
Scrolls
 e - 12 scrolls of teleportation
 g - a scroll of enchant armour {unknown}
 k - a scroll of torment {unknown}
 l - 2 scrolls of blinking
 o - 7 scrolls of enchant weapon
 s - 2 scrolls of brand weapon
 u - 3 scrolls of acquirement
 w - 5 scrolls of fear
 A - 3 scrolls of poison
 E - 4 scrolls of amnesia
 F - 3 scrolls of magic mapping
 I - a scroll of vulnerability {unknown}
 P - 2 scrolls of immolation
 Z - a scroll of silence {unknown}
Potions
 d - 2 potions of might
 j - 2 potions of attraction {unknown}
 m - 7 potions of curing
 n - 3 potions of haste
 p - a potion of resistance {unknown}
 r - 5 potions of heal wounds
 z - a potion of degeneration {unknown}
 B - 2 potions of magic {unknown}
 G - 2 potions of invisibility {unknown}
 H - 2 potions of mutation {unknown}
 L - 2 potions of lignification {unknown}
 M - 2 potions of flight {unknown}


   Skills:
 + Level 11.5 Fighting
 * Level 15.1 Maces & Flails
 + Level 8.8 Throwing
 + Level 11.3 Armour
 - Level 4.0 Dodging
 + Level 11.3 Shields


You had 11 spell levels left.
You didn't know any spells.
Your spell library contained the following spells:

 Spells                   Type           Power      Damage    Failure   Level
 Ensorcelled Hibernation  Hex/Ice        0%         N/A       86%         2
 Lesser Beckoning         Tloc           0%         N/A       86%         2
 Scorch                   Fire           0%         2d5       86%         2
 Call Canine Familiar     Summ           0%         N/A       98%         3
 Gell's Gravitas          Tloc           0%         N/A       98%         3
 Inner Flame              Hex/Fire       0%         N/A       98%         3
 Ozocubu's Armour         Ice            0%         N/A       98%         3
 Portal Projectile        Hex/Tloc       0%         N/A       98%         3
 Spider Form              Tmut/Pois      0%         N/A       98%         3
 Teleport Other           Tloc           0%         N/A       98%         3
 Tukima's Dance           Hex            0%         N/A       98%         3
 Anguish                  Hex/Necr       0%         N/A       100%        4
 Flame Wave               Conj/Fire      0%         2d4       100%        4
 Leda's Liquefaction      Hex/Erth       0%         N/A       100%        4
 Sticky Flame             Conj/Fire      0%         2d3       100%        4
 Blade Hands              Tmut           0%         N/A       100%        5
 Summon Forest            Summ/Tloc      0%         N/A       100%        5
 Summon Mana Viper        Hex/Summ       0%         N/A       100%        5
 Summon Cactus Giant      Summ           0%         N/A       100%        6
 Ozocubu's Refrigeration  Ice            0%         4d7       100%        7


Dungeon Overview and Level Annotations

Branches:
Dungeon (14/15)            Temple (1/1) D:7            Lair (0/5) D:8
    Orc (0/2) D:9          Vaults (0/5) D:13

Altars:
Ashenzari
Dithmenos
Elyvilon
Fedhas
Gozag
Hepliaklqana
Kikubaaqudgha
Makhleb
Nemelex Xobeh
Okawaru
Sif Muna
Trog
Uskayaw
Wu Jian
Xom
Yredelemnul
Zin
The Shining One

Shops:
D:2 [   D:7 (   D:10 ?(

Annotations:
D:11 1 transporter


Innate Abilities, Weirdness & Mutations

Your life essence is reduced to manifest your ancestor. (-10% HP)
You have a pair of horns on your head.
You reflexively headbutt those who attack you in melee.


Message History

There is a stone staircase leading up here.
A wizard comes into view. It is wielding a +0 dagger.
Found a potion of haste, 5 stones and a viscous coppery potion.
The wizard points at you and mumbles some strange words.
You are cast into the Abyss!
This branch contains the abyssal rune of Zot.
A starcursed mass comes into view.
The starcursed mass shrieks in your mind.
The starcursed mass shrieks in your mind.
A starcursed mass splits.
The starcursed mass shrieks in your mind.
The starcursed mass shrieks in your mind.
The starcursed mass shrieks in your mind.
A soul eater comes into view.
The starcursed mass shrieks in your mind.
A large abomination comes into view.
Found a corrupted altar of Lugonu.
The soul eater draws from the surrounding life force!
A spriggan defender skeleton comes into view.
The large abomination attacks as you move away!
The large abomination hits you. The large abomination hits you!!
As you read the scroll of teleportation, it crumbles to dust.
You feel strangely unstable.
You feel the power of the Abyss delaying your translocation!
The large abomination hits you!
* * * LOW HITPOINT WARNING * * *
You block the spriggan defender skeleton's attack.
The spriggan defender skeleton barely misses you.
The spriggan defender skeleton hits you but does no damage.
The spriggan defender skeleton attacks as you move away!
You block the spriggan defender skeleton's attack.
The spriggan defender skeleton barely misses you.
A starcursed mass comes into view.
Found a corrupted altar of Lugonu.
The spriggan defender skeleton hits you!
* * * LOW HITPOINT WARNING * * *
There is a corrupted altar of Lugonu, spattered with blood here.
The spriggan defender skeleton hits you but does no damage.
The soul eater draws from the surrounding life force!
You die...

### # #.# #.# ###.#
#..#####§X..###
#.#...#.3#..#.## ##
#..#....###...##. ##.
#.@Z.##..X...###3.#
#...#........##.#.#..
##.##...##.#..#. ##.
... ##.....#.### #..
... #.#....... ....
...#. .##.....## .. .
##.# ....... #.#. #
...... . .#


You could see a soul eater, a large abomination and a spriggan defender
skeleton.

Vanquished Creatures
  A two-headed ogre (D:9)
  A boulder beetle (D:12)
  A catoblepas (D:13)
  A tengu warrior (D:13)
  A deep troll (D:13)
  2 deep elf pyromancers
  6 cyclopes
  2 manticores
  Maurice (D:8)
  A salamander (shapeshifter) (D:13)
  2 gargoyles
  A komodo dragon (D:12)
  An unseen horror (D:12)
  Psyche (D:9)
  A freezing wraith (D:14)
  2 efreet
  4 trolls
  A hornet (D:10)
  3 slime creatures (D:12)
  2 shadows
  7 wraiths
  23 yaks
  A vampire (D:11)
  4 wyverns
  2 basilisks
  2 steam dragons
  8 vampire mosquitoes (D:12)
  An acid dragon (D:13)
  Duvessa (D:6)
  3 water moccasins
  An orc warrior (D:6)
  An ice beast (D:7)
  2 black bears
  5 centaurs
  3 ogres
  A phantom (D:5)
  A bullfrog (D:7)
  4 kobold brigands
  8 scorpions
  8 wights
  Dowan (D:6)
  9 killer bees
  6 howler monkeys
  A hexer (D:12)
  2 jellies (D:5)
  8 hounds
  4 orc priests
  2 gnoll boudas
  6 iguanas
  5 orc wizards
  The ghost of busb the Sneak, a weakling AtDe (D:5)
  12 gnolls
  7 adders
  4 shadow imps
  A white imp (D:7)
  3 ufetubi
  3 worms
  7 dart slugs
  23 orcs
  4 endoplasms
  4 giant cockroaches
  5 hobgoblins
  7 jackals
  17 kobolds
  2 quokkas
  5 ball pythons
  3 bats (D:2)
  4 frilled lizards
  13 goblins
  10 rats
  A spectral orc (D:7)
301 creatures vanquished.

Vanquished Creatures (collateral kills)
  A centaur warrior (D:14)
  A two-headed ogre (D:9)
  A deep elf pyromancer (D:12)
  An ugly thing (D:13)
  A cyclops (D:12)
  A kobold demonologist (D:10)
  A slime creature (D:12)
  7 yaks
  2 wights
  An orc wizard (D:11)
  An orc (D:10)
  3 kobolds (D:11)
21 creatures vanquished.

Vanquished Creatures (others)
  A hexer (D:13)
  3 ancestors
  A kobold (D:7)
  2 fungi (D:8)
  3 plants (D:8)
10 creatures vanquished.

Grand Total: 332 creatures vanquished

Notes
Turn   | Place    | Note
-------+----------+-------------------------------------------
     0 | D:1      | Ayyar the Minotaur Fighter began the quest for the Orb.
     0 | D:1      | Reached XP level 1. HP: 19/19 MP: 0/0
    65 | D:1      | Reached XP level 2. HP: 26/27 MP: 1/1
   133 | D:1      | Reached skill level 3 in Maces & Flails
   794 | D:2      | Reached XP level 3. HP: 33/33 MP: 2/2
  1048 | D:2      | Reached skill level 4 in Maces & Flails
  1048 | D:2      | Reached XP level 4. HP: 26/40 MP: 3/3
  1161 | D:2      | Found Ciob's Armour Boutique.
  1555 | D:3      | Reached XP level 5. HP: 23/47 MP: 4/4
  1558 | D:3      | Reached skill level 1 in Dodging
  1842 | D:3      | Found a glowing golden altar of the Shining One.
  1954 | D:3      | Reached skill level 1 in Throwing
  2212 | D:4      | Noticed an ogre
  2221 | D:4      | Killed an ogre
  2222 | D:4      | Reached XP level 6. HP: 37/53 MP: 5/5
  2365 | D:4      | Reached skill level 5 in Maces & Flails
  2630 | D:4      | Found an ornate altar of the Wu Jian Council.
  2645 | D:4      | Found a shadowy altar of Dithmenos.
  2645 | D:4      | Found a shimmering altar of Xom.
  2764 | D:4      | Reached skill level 5 in Fighting
  2770 | D:4      | Reached skill level 5 in Shields
  3065 | D:5      | Entered Level 5 of the Dungeon
  3065 | D:5      | Noticed a water moccasin
  3071 | D:4      | Reached skill level 5 in Armour
  3071 | D:4      | Reached XP level 7. HP: 54/61 MP: 6/6
  3180 | D:5      | Reached skill level 6 in Maces & Flails
  3222 | D:5      | Found a hide-covered altar of Uskayaw.
  3420 | D:5      | Reached XP level 8. HP: 70/70 MP: 7/7
  3476 | D:5      | Reached skill level 7 in Maces & Flails
  3649 | D:5      | Noticed busb's ghost (weakling AtDe)
  3650 | D:5      | Found a transporter.
  3772 | D:5      | Found a blossoming altar of Fedhas.
  3820 | D:5      | Found a transporter.
  3952 | D:5      | Killed busb's ghost
  4174 | D:6      | Noticed Dowan
  4176 | D:6      | Noticed Duvessa
  4179 | D:6      | Reached skill level 8 in Maces & Flails
  4180 | D:6      | Found a white marble altar of Elyvilon.
  4186 | D:6      | Killed Duvessa
  4187 | D:6      | Reached XP level 9. HP: 54/78 MP: 8/8
  4191 | D:6      | Killed Dowan
  4436 | D:6      | Found a hazy altar of Hepliaklqana.
  4438 | D:6      | Found a bloodstained altar of Trog.
  4453 | D:6      | Became a worshipper of Hepliaklqana the Forgotten
  5175 | D:7      | Reached skill level 9 in Maces & Flails
  5208 | D:7      | Found a staircase to the Ecumenical Temple.
  5216 | Temple   | Entered the Ecumenical Temple
  5441 | D:7      | Found a broken altar of Ashenzari.
  5734 | D:7      | Found Kigh's Weapon Boutique.
  5765 | D:7      | Found an iron altar of Okawaru.
  5768 | D:7      | Reached skill level 5 in Throwing
  5782 | D:7      | You fall into a shaft and drop 1 floor!
  5784 | D:8      | Reached * piety under Hepliaklqana
  6053 | D:7      | Found a basalt altar of Yredelemnul.
  6178 | D:8      | Noticed Maurice
  6186 | D:8      | Killed Maurice
  6187 | D:8      | Reached skill level 10 in Maces & Flails
  6187 | D:8      | Reached XP level 10. HP: 70/79 MP: 9/9
  6488 | D:8      | Found a staircase to the Lair.
  6508 | D:8      | Noticed a cyclops
  6515 | D:8      | Killed a cyclops
  6717 | D:8      | Found a shimmering blue altar of Sif Muna.
  7172 | D:9      | Found a transporter.
  7238 | D:9      | Found a staircase to the Orcish Mines.
  7248 | D:9      | Noticed a two-headed ogre
  7282 | D:9      | Killed a two-headed ogre
  7283 | D:9      | Reached skill level 11 in Maces & Flails
  7558 | D:9      | Noticed Psyche
  7565 | D:9      | Killed Psyche
  7808 | D:9      | Noticed a two-headed ogre
  7814 | D:9      | Killed a two-headed ogre
  7815 | D:9      | Reached XP level 11. HP: 75/87 MP: 10/10
  8038 | D:10     | Entered Level 10 of the Dungeon
  8041 | D:10     | Reached ** piety under Hepliaklqana
  8118 | D:10     | Found Wies's Magic Scroll Boutique.
  8169 | D:10     | Bought a scroll of enchant weapon for 90 gold pieces
  8169 | D:10     | Bought a scroll of teleportation for 36 gold pieces
  8239 | D:10     | Reached skill level 12 in Maces & Flails
  8267 | D:10     | Found Riomom's Antique Weapon Shoppe.
  8715 | D:10     | Found a glowing silver altar of Zin.
  8720 | D:10     | Remembered your ancestor Marduk-asir as a hexer
  8793 | D:10     | Found an ancient bone altar of Kikubaaqudgha.
  9012 | D:11     | Paralysed by a hornet for 3 turns
  9087 | D:11     | Reached skill level 10 in Fighting
  9138 | D:11     | Reached skill level 13 in Maces & Flails
  9153 | D:11     | Reached skill level 10 in Armour
  9352 | D:11     | Found a transporter.
  9433 | D:11     | Reached skill level 10 in Shields
  9479 | D:11     | Found a transporter.
  9514 | D:11     | Found a transporter.
  9516 | D:11     | Found a transporter.
  9808 | D:12     | Noticed a boulder beetle
  9808 | D:12     | Noticed a deep elf pyromancer
  9832 | D:12     | Killed a deep elf pyromancer
  9833 | D:12     | Reached XP level 12. HP: 60/96 MP: 11/11
  9847 | D:12     | Killed a boulder beetle
 10126 | D:12     | Reached *** piety under Hepliaklqana
 10548 | D:12     | Reached skill level 14 in Maces & Flails
 10927 | D:12     | Identified the orb of Honesty {*channel, rPois rF+ rN+}
 11264 | D:13     | Noticed a catoblepas
 11275 | D:13     | Killed a catoblepas
 11342 | D:13     | Noticed a tengu warrior
 11362 | D:13     | Killed a tengu warrior
 11719 | D:13     | Identified 3 scrolls of acquirement
 11938 | D:13     | Reached skill level 15 in Maces & Flails
 12066 | D:13     | Found a gate to the Vaults.
 12228 | D:14     | Noticed a centaur warrior
 12241 | D:14     | Killed a centaur warrior
 12608 | D:14     | Found a sparkling altar of Nemelex Xobeh.
 12883 | D:14     | Reached **** piety under Hepliaklqana
 12949 | Abyss:2  | Cast into level 2 of the Abyss (a wizard)
 12992 | Abyss:2  | Noticed a starcursed mass
 13017 | Abyss:2  | Found a corrupted altar of Lugonu.
 13018 | Abyss:2  | Found a corrupted altar of Lugonu.
 13018 | Abyss:2  | Found a corrupted altar of Lugonu.
 13029 | Abyss:2  | Noticed a starcursed mass
 13030 | Abyss:2  | Found a corrupted altar of Lugonu.
 13034 | Abyss:2  | Slain by a soul eater

Illustrated notes

Levels and vault maps discovered:
D:1:      wander_arrival_fairy_ring, layout_basic
D:2:      layout_basic, serial_shops, nicolae_shop_waterfront
D:3:      layout_loops_cross, mainiacjoe_overflow_24_doors
D:4:      layout_loops_cross, gammafunk_temple_overflow_forgotten
D:5:      layout_cave_pools, nicolae_uskayaw_dance_hall,
          mainiacjoe_overflow_brackets, gammafunk_ghost_arena,
          minmay_misc_feat_rows, nzn_random_ring
D:6:      layout_loops_ring, elyvilon_altar_3, minitemple, lightli_minifort,
          uniq_duvessa
D:7:      layout_loops_ring, yredelemnul_forgotten_temple_becter,
          lemuel_round_altar, mainiacjoe_overflow_small_starburst,
          minmay_temple_entry_mini_moons, serial_shops,
          nicolae_shop_hallway_stairs, kennysheep_small_circle
D:8:      layout_loops_ring, led_sif_book, david_lair_generic,
          minmay_strange_pillars, uniq_maurice
D:9:      layout_loops_cross, orc_0_dummy, nicolae_diode_basic, uniq_psyche
D:10:     layout_big_octagon, mainiacjoe_overflow_alcove_2,
          nicolae_overflow_hidden_temple, serial_shops, shop, shop,
          grunt_ministairs_15
D:11:     layout_rooms, minmay_misc_feat_roman, nicolae_diode_intersection
D:12:     layout_loops_cross, kennysheep_generic_room_5
D:13:     layout_roguey, david_vaults_4, chequers_serial_rivers_micro_a,
          wad_floor_pattern_1, minmay_misc_feat_nine_boxes,
          kennysheep_cross_room, hangedman_abyss_or_decor_clamps
D:14:     layout_grid_maze, nemelex_diamond_rough_becter
Temple:   hellmonk_temple_of_storms
Abyss:2:  base: D:7, abyss_fake_exit

Skill      XL: |  1  2  3  4  5  6  7  8  9 10 11 12 |
---------------+-------------------------------------+-----
Maces & Flails | 3 4 5 6 8 10 11 13 15 | 15.1
Fighting       | 4 5 6 7 9 10 11 | 11.5
Shields        | 4 5 6 7 8 10 11 | 11.3
Armour         | 4 5 6 7 8 10 11 | 11.3
Dodging        | 1 2 3 4 |  4.0
Throwing       | 1 2 4 5 6 7 8 |  8.8

Action                     |  1- 3 |  4- 6 |  7- 9 | 10-12 || total
---------------------------+-------+-------+-------+-------++-------
  Melee: Flail             |    51 |   138 |   223 |   390 ||   802
         Headbutt          |     8 |    16 |    36 |   111 ||   171
  Throw: Boomerang         |       |     9 |     7 |    34 ||    50
         Dart              |       |       |     2 |     1 ||     3
 Invoke: Recall Ancestor   |       |       |     1 |       ||     1
         Ancestor Life: He |       |       |       |     1 ||     1
    Use: Scroll            |       |       |       |    13 ||    13
         Potion            |       |       |       |     1 ||     1
   Stab: Confused          |       |       |       |     4 ||     4
         Distracted        |       |       |       |     4 ||     4
 Armour: Scale mail        |    13 |    31 |    52 |    99 ||   195
  Dodge: Dodged            |    22 |    42 |    83 |   113 ||   260
  Block: Buckler           |    21 |    61 |   129 |   179 ||   390
         Reflection        |     1 |       |     6 |    14 ||    21
